 Dungeon Crawl Stone Soup version 0.26-a0-664-gc8b27b8fc1 (webtiles) character file.

Game seed: 6363010011733493013

10988 Kinoniko the Spear-Bearer (level 11, -2/128 HPs)
             Began as an Ogre Berserker on Oct 13, 2020.
             Was a Priest of Trog.
             Engulfed by a cloud of freezing vapour (23 damage)
             ... in an ice cave.
             The game lasted 00:31:18 (15518 turns).

Kinoniko the Spear-Bearer (Ogre Berserker)         Turns: 15518, Time: 00:31:19

Health: -2/128     AC:  7    Str: 24    XL:     11   Next: 70%
Magic:  0/11       EV: 11    Int:  8    God:    Trog [***...]
Gold:   684        SH:  0    Dex: 10    Spells: 10/10 levels left

rFire    . . .     SeeInvis .   g - +4 trident (flame)
rCold    . . .     Faith    .   (no shield)
rNeg     . . .     Spirit   +   b - +2 animal skin
rPois    .         Reflect  .   v - +2 hat
rElec    .         Harm     .   (no cloak)
rCorr    +         Rampage  .   (gloves unavailable)
MR       +++..                  (boots unavailable)
Stlth    +.........             k - amulet of guardian spirit
HPRegen  1.31/turn              d - ring of resist corrosion
MPRegen  0.12/turn              (no ring)

@: regenerating
A: large, unfitting armour, tough skin 1
a: Berserk, Trog's Hand, Renounce Religion


You were in an ice cave.
You worshipped Trog.
Trog was most pleased with you.
You visited 1 branch of the dungeon, and saw 11 of its levels.
You also visited: Sewer and Ice Cave.

You collected 1066 gold pieces.
You spent 382 gold pieces at shops.

Inventory:

Hand Weapons
 g - a +4 trident of flaming (weapon)
 w - the +4 broad axe "Qiedegism" {antimagic, rN+ Str-4 Int-5 Dex+3}
   (You took it off a vampire on level 7 of the Dungeon)

   It reduces the magical energy of the wielder, and disrupts the spells and
   magical abilities of those hit.
   Natural abilities and divine invocations are not affected.
   It affects your strength (-4).
   It affects your intelligence (-5).
   It affects your dexterity (+3).
   It protects you from negative energy.
 x - the +3 giant club "Skullcrusher" {speed, Str+7}
   (You found it on level 7 of the Dungeon)

   Attacks with this weapon are significantly faster.
   It affects your strength (+7).
Armour
 b - a +2 animal skin (worn)
 v - a +2 hat (worn)
Jewellery
 d - a ring of resist corrosion (left hand)
 e - an uncursed amulet of faith
 k - an amulet of guardian spirit (around neck)
Wands
 i - a wand of iceblast (7)
 n - a wand of digging (3)
 r - a wand of paralysis (15)
 t - a wand of polymorph (19)
Scrolls
 a - 6 scrolls of magic mapping
 f - 11 scrolls of remove curse
 j - a scroll of fear
 m - a scroll of brand weapon
 o - 4 scrolls of teleportation
 C - 2 scrolls of enchant armour
Potions
 c - 3 potions of ambrosia
 h - a potion of brilliance
 l - 2 potions of invisibility
 p - 2 potions of resistance
 q - a potion of flight
 s - 2 potions of berserk rage
 u - 2 potions of stabbing
 z - 2 potions of might
Miscellaneous
 y - a tin of tremorstones (3/3)


   Skills:
 * Level 13.7 Fighting
 - Level 14.0 Polearms
 - Level 1.7 Throwing
 * Level 4.1 Dodging
 - Level 0.4 Stealth


You had 10 spell levels left.
You didn't know any spells.
Your spell library was empty.

Dungeon Overview and Level Annotations

Branches:
Dungeon (11/15)            Temple (0/1) D:5            Lair (0/6) D:11
    Orc (0/2) D:9           Sewer (visited)           IceCv (1/1)

Altars:
Makhleb
Xom
Zin

Shops:
D:7 ?==[   D:11 **

Portals:
Abyss: D:3

Annotations:
D:3 2 transporters, washedup's ghost, weakling DDFi


Innate Abilities, Weirdness & Mutations

You are too large for most types of armour.
You have tough skin. (AC +1)


Message History

The ice beast hits you. The ice beast freezes you.
You hit the ice statue.
You melt the ice statue.
You destroy the ice statue!
Trog accepts your kill.
The ice beast disappears in a puff of smoke!
Your Dodging skill increases to level 4!
You start resting.
You are engulfed in freezing vapours.
You start resting.
You are engulfed in freezing vapours.
* * * LOW HITPOINT WARNING * * *
Okay, then.
It was a potion of heal wounds.
You feel much better.
You are engulfed in freezing vapours.
* * * LOW HITPOINT WARNING * * *
Your skin crawls.
You feel resistant to hostile enchantments.
You are engulfed in freezing vapours.
* * * LOW HITPOINT WARNING * * *
You start resting.
You are engulfed in freezing vapours.
You die...

##### ##...### #
#......## # .
#..##...## [#.
#...##...### #§###
##..####...####§§§#
####○○####...##§○§#
.##.#○○###..##○°☼#
#..#.°○.##..###○@#
.#.##°○##..####§○#
#.##..##.)..#○○§##
###..####.#..°☼##
##.## ########
##..# #...## ##...#
#...##


There were no monsters in sight!

Vanquished Creatures
  Erica (D:11)
  2 two-headed ogres (D:8)
  A deep elf mage (D:7)
  An ugly thing (D:11)
  An ice statue (IceCv)
  Joseph (D:7)
  3 polar bears (IceCv)
  Sigmund (D:3)
  Eustachio (D:6)
  A yak (IceCv)
  A basilisk (D:11)
  Menkaure (D:6)
  2 water moccasins
  3 orc warriors
  An ice beast (D:6)
  2 sky beasts
  2 black bears
  A phantom (D:8)
  A hornet zombie (D:8)
  2 necrophages
  4 wolves (IceCv)
  4 centaurs
  An ogre (D:6)
  6 bullfrogs
  A water moccasin zombie (D:7)
  A wyvern skeleton (D:7)
  3 scorpions
  A water moccasin skeleton (D:7)
  8 killer bees
  10 wights
  A howler monkey (D:4)
  3 electric eels (D:10)
  A centaur zombie (D:5)
  3 bullfrog zombies (D:5)
  4 hounds
  3 jellies
  9 orc wizards
  A centaur skeleton (D:4)
  A gnoll shaman (D:7)
  6 orc priests
  A bullfrog skeleton (D:6)
  4 iguanas
  8 worker ants
  3 killer bee zombies
  3 hound zombies (D:5)
  2 worker ant zombies (D:5)
  Robin (D:2)
  2 howler monkey zombies (D:5)
  4 gnolls (D:7)
  A howler monkey skeleton (D:5)
  20 adders
  4 shadow imps
  5 white imps
  2 oozes
  An adder skeleton (D:5)
  An adder zombie (D:5)
  3 worms
  3 dart slugs (D:1)
  4 leopard geckos (Sewer)
  41 orcs
  15 giant cockroaches
  15 goblins
  10 hobgoblins
  4 jackals
  5 quokkas
  4 ball pythons (D:3)
  A ball python zombie (D:5)
  6 bats
  5 frilled lizards
  A jackal zombie (D:5)
  7 kobolds
  A quokka zombie (D:5)
  5 rats
292 creatures vanquished.

Vanquished Creatures (collateral kills)
  A boulder beetle (D:7)
  A two-headed ogre (D:7)
  An ugly thing (D:7)
  A troll (shapeshifter) (D:7)
  A vampire (D:7)
  A yak (D:7)
  An orc warrior (D:7)
  2 killer bees
9 creatures vanquished.

Vanquished Creatures (others)
  An ufetubus (D:10)
1 creature vanquished.

Grand Total: 302 creatures vanquished

Notes
Turn   | Place    | Note
-------+----------+-------------------------------------------
     0 | D:1      | Kinoniko the Ogre Berserker began the quest for the Orb.
     0 | D:1      | Reached XP level 1. HP: 24/24 MP: 1/1
   134 | D:1      | Reached XP level 2. HP: 32/32 MP: 2/2
   734 | D:1      | Reached XP level 3. HP: 40/40 MP: 3/3
  1298 | D:2      | Found a burning altar of Makhleb.
  1313 | D:2      | Reached XP level 4. HP: 26/49 MP: 4/4
  1631 | D:2      | Noticed Robin
  1642 | D:2      | Reached ** piety under Trog
  1679 | D:2      | Reached skill level 5 in Fighting
  1682 | D:2      | Reached skill level 4 in Polearms
  1695 | D:2      | Killed Robin
  2079 | D:2      | Reached XP level 5. HP: 54/57 MP: 5/5
  2106 | D:2      | Reached skill level 1 in Throwing
  2562 | D:3      | Found a glowing drain.
  2585 | Sewer    | Entered a sewer
  2653 | Sewer    | Reached XP level 6. HP: 48/66 MP: 6/6
  2758 | Sewer    | Reached *** piety under Trog
  2817 | Sewer    | Reached skill level 5 in Polearms
  3621 | D:3      | Found a transporter.
  4009 | D:3      | Found a transporter.
  4009 | D:3      | Found a one-way gate to the infinite horrors of the Abyss.
  4009 | D:3      | Noticed washedup's ghost (weakling DDFi)
  4017 | D:3      | Noticed a small abomination
  4031 | D:3      | Noticed Sigmund
  4037 | D:3      | Killed Sigmund
  4037 | D:3      | Reached skill level 6 in Polearms
  4037 | D:3      | Reached XP level 7. HP: 76/76 MP: 7/7
  4153 | D:3      | Found a shimmering altar of Xom.
  5392 | D:4      | Reached skill level 7 in Polearms
  5606 | D:4      | Reached XP level 8. HP: 87/87 MP: 8/8
  6286 | D:5      | Entered Level 5 of the Dungeon
  6477 | D:5      | Reached **** piety under Trog
  6759 | D:5      | Reached skill level 8 in Polearms
  6773 | D:5      | Found a staircase to the Ecumenical Temple.
  7822 | D:6      | Found a glowing silver altar of Zin.
  7843 | D:6      | Noticed Menkaure
  7848 | D:6      | Killed Menkaure
  8066 | D:6      | Reached skill level 9 in Polearms
  8103 | D:6      | Reached XP level 9. HP: 98/98 MP: 9/9
  8343 | D:6      | Noticed Eustachio
  8353 | D:6      | Killed Eustachio
  8589 | D:6      | Reached skill level 10 in Polearms
  8612 | D:6      | Reached ***** piety under Trog
  9032 | D:7      | Found Zumaneis's Magic Scroll Boutique.
  9037 | D:7      | Bought a scroll of magic mapping for 45 gold pieces
  9037 | D:7      | Bought a scroll of enchant weapon for 97 gold pieces
  9037 | D:7      | Bought a scroll of identify for 26 gold pieces
  9037 | D:7      | Bought a scroll of remove curse for 39 gold pieces
  9037 | D:7      | Bought a scroll of remove curse for 39 gold pieces
  9037 | D:7      | Bought a scroll of magic mapping for 45 gold pieces
  9037 | D:7      | Bought a scroll of identify for 26 gold pieces
  9037 | D:7      | Bought a scroll of teleportation for 39 gold pieces
  9037 | D:7      | Bought a scroll of identify for 26 gold pieces
  9054 | D:7      | Reached skill level 10 in Fighting
  9320 | D:7      | Found Hinlec's Jewellery Shoppe.
  9811 | D:7      | Found Zedwunk's Armour Shop.
  9922 | D:7      | Noticed Joseph
  9931 | D:7      | Killed Joseph
  9931 | D:7      | Reached skill level 11 in Polearms
  9984 | D:7      | Found Koggaqiu's Jewellery Shoppe.
  9999 | D:7      | Reached XP level 10. HP: 111/111 MP: 10/10
 10417 | D:7      | Found a runed translucent door.
 10417 | D:7      | Found a runed translucent door.
 10417 | D:7      | Noticed a deep elf mage
 10637 | D:7      | Killed a deep elf mage
 10746 | D:7      | Found the +3 giant club "Skullcrusher" {speed, Str+7}
 10746 | D:7      | Identified the +4 broad axe "Qiedegism" {antimagic, rN+
                  | Str-4 Int-5 Dex+3}
 10749 | D:7      | Noticed a two-headed ogre
 10756 | D:7      | Killed a two-headed ogre
 10760 | D:7      | Noticed a boulder beetle
 10761 | D:7      | Noticed a brown ugly thing
 10764 | D:7      | Killed a boulder beetle
 10764 | D:7      | Reached skill level 12 in Polearms
 10773 | D:7      | Killed a brown ugly thing
 11597 | D:8      | Noticed a two-headed ogre
 11605 | D:8      | Killed a two-headed ogre
 11674 | D:8      | Reached skill level 13 in Polearms
 11674 | D:8      | Reached XP level 11. HP: 124/124 MP: 11/11
 12182 | D:8      | Noticed a two-headed ogre
 12189 | D:8      | Killed a two-headed ogre
 13449 | D:9      | Found a staircase to the Orcish Mines.
 13564 | D:10     | Entered Level 10 of the Dungeon
 14523 | D:11     | Noticed a purple ugly thing
 14535 | D:11     | Killed a purple ugly thing
 14557 | D:11     | Found Wairhorgh's Changing Room.
 14580 | D:11     | Found a staircase to the Lair.
 14598 | D:11     | Noticed Erica
 14605 | D:11     | Killed Erica
 14608 | D:11     | Reached skill level 14 in Polearms
 14621 | D:11     | Found Gynlexenk's Demolitions Depot.
 14643 | D:11     | Found a frozen archway.
 14657 | IceCv    | Entered an ice cave
 15518 | IceCv    | Engulfed by a cloud of freezing vapour

Illustrated notes

Levels and vault maps discovered:
D:1:      kennysheep_arrival_forest, layout_basic, minmay_tiny_reverse_x
D:2:      layout_rooms, st_stairs_4, makhleb_heckhound_becter, uniq_robin
D:3:      layout_rooms, portal_sewer_entry_a, gammafunk_ghost_abyssal_escape,
          tgw_xom, uniq_sigmund
D:4:      layout_cave_pods
D:5:      layout_cave_pools, minmay_temple_entry_offerings, serial_undead,
          serial_undead_f, serial_undead_b, serial_undead_f, serial_undead_d,
          serial_undead_d, serial_undead_a, serial_undead_b,
          hangedman_decor_growths
D:6:      minmay_clustersquares, layout_loops_ring, lemuel_crystal_altar,
          uniq_menkaure, uniq_eustachio
D:7:      minmay_the_grid_triangle_9x9_rhombus_full
          [minmay_the_grid_triangle_9x9_cache,
          minmay_the_grid_triangle_9x9_corruption,
          minmay_the_grid_triangle_9x9_warning,
          minmay_the_grid_triangle_9x9_corrupted_corridor,
          minmay_the_grid_triangle_9x9_descending_squares,
          minmay_the_grid_triangle_9x9_pentomino_pain,
          minmay_the_grid_triangle_9x9_tough_junction,
          minmay_the_grid_triangle_9x9_prize_center], layout_cave_pods,
          serial_shops, shop, nicolae_shop_temple_entry_statues_fountains,
          shop_coins, shop, minivault_5, wad_floor_pattern_untrapped,
          uniq_joseph
D:8:      layout_basic
D:9:      layout_basic, hiddenorc1_lemuel, chequers_serial_rivers_small_a,
          hex_tiny
D:10:     minmay_blocky_corners, layout_basic
D:11:     layout_roguey, lair_entry_dummy, portal_ice_cave_entry_pillars_1,
          nicolae_blasting_shop, nicolae_transmutations_shop, uniq_erica
IceCv:    ice_cave_caverns_02

Skill      XL: |  1  2  3  4  5  6  7  8  9 10 11 |
---------------+----------------------------------+-----
Dodging        | 3 4 |  4.1
Fighting       | 5 6 7 9 10 12 13 | 13.7
Polearms       | 4 6 7 9 11 13 14 | 14.0
Throwing       | 1 |  1.7
Stealth        | |  0.4

Action                   |  1- 3 |  4- 6 |  7- 9 | 10-12 || total
-------------------------+-------+-------+-------+-------++-------
Melee: Spear             |    82 |   280 |   202 |       ||   564
       Trident           |       |       |   192 |   301 ||   493
Invok: Berserk           |     2 |     8 |    18 |    16 ||    44
       Trog's Hand       |       |     2 |       |     8 ||    10
       Brothers in Arms  |       |       |       |     5 ||     5
  Use: Scroll            |     3 |     5 |    10 |    12 ||    30
       Potion            |       |     6 |     4 |     4 ||    14
 Stab: Sleeping          |     1 |     1 |     1 |     1 ||     4
       Distracted        |       |       |       |     1 ||     1
Armor: Animal skin       |    14 |    86 |    53 |    35 ||   188
Dodge: Dodged            |    38 |   161 |   117 |    94 ||   410

Table legend: (Time is in decaauts)
 A = Elapsed time spent in this place.
 B = Non-inter-level travel time spent in this place.
 C = Inter-level travel time spent in this place.
 D = Time resting spent in this place.
 E = Time spent auto-exploring this place.
 F = Levels seen in this place.
 G = Mean time per level.
                   A        B        C        D        E       F      G
               +--------+--------+--------+--------+--------+-----+--------+
         Total |  15820 |  15373 |    447 |   6498 |   6719 |  13 | 1216.9 |
       Dungeon |  13870 |  13423 |    447 |   5359 |   6402 |  11 | 1260.9 |
         Sewer |   1083 |   1083 |      0 |    427 |    288 |   1 | 1083.0 |
      Ice Cave |    866 |    866 |      0 |    711 |     29 |   1 |  866.0 |
               +--------+--------+--------+--------+--------+-----+--------+

Top non-repeatable levels by time:
     D:7: 2004 daAuts
     D:3: 1920 daAuts
     D:8: 1551 daAuts
     D:5: 1533 daAuts
     D:1: 1243 daAuts
     D:6: 1239 daAuts
     D:4: 1116 daAuts
     D:2: 1109 daAuts
   Sewer: 1083 daAuts
     D:9: 1003 daAuts
    D:10: 981 daAuts
   IceCv: 866 daAuts
    D:11: 167 daAuts
